 Dungeon Crawl Stone Soup version 0.29-a0-92-gee772dd00f (webtiles) character file.

Game seed: 14180087937769763391

1057 cyrus the Spear-Bearer (level 8, -5/57 HPs)
             Began as a Merfolk Fighter on Feb 9, 2022.
             Was a Believer of Hepliaklqana.
             Succumbed to a kobold brigand's curare-tipped dart
             ... on level 6 of the Dungeon.
             The game lasted 00:17:30 (5684 turns).

cyrus the Spear-Bearer (Merfolk Fighter)            Turns: 5684, Time: 00:17:31

Health: -5/57      AC: 13    Str: 16    XL:     8   Next: 26%
Magic:  8/8        EV:  5    Int:  9    God:    Hepliaklqana [**....]
Gold:   267        SH:  5    Dex: 14    Spells: 7/7 levels left

rFire   . . .      SeeInvis .   a - +0 trident
rCold   . . .      Faith    .   c - +0 buckler
rNeg    . . .      Spirit   .   n - +1 plate armour
rPois   .          Reflect  .   (no helmet)
rElec   .          Harm     .   (no cloak)
rCorr   .          Rampage  .   (no gloves)
Will    .....                   (no boots)
Stlth   ..........              (no amulet)
HPRegen 0.19/turn               (no ring)
MPRegen 0.11/turn               (no ring)

@: lethally poisoned (-5 -> -34), slowed, studying Fighting, very slow
A: reduced essence, (nimble swimmer 2), mertail
a: Renounce Religion, Recall Ancestor, Ancestor Identity


You were on level 6 of the Dungeon.
You worshipped Hepliaklqana.
Hepliaklqana was pleased with you.
You visited 1 branch of the dungeon, and saw 6 of its levels.

You collected 349 gold pieces.
You spent 82 gold pieces at shops.

Inventory:

Hand Weapons
 a - a +0 trident (weapon)
Missiles
 m - 5 boomerangs (quivered)
Armour
 b - a +0 scale mail
 c - a +0 buckler (worn)
 n - a +1 plate armour (worn)
Magical Staves
 i - a staff of earth
Jewellery
 j - an amulet of magic regeneration
 s - a ring of flight
Wands
 t - a wand of charming (7)
Scrolls
 e - a scroll of enchant armour
 f - 5 scrolls of identify
 g - a scroll of noise {unknown}
 h - 2 scrolls of amnesia {unknown}
 k - 2 scrolls of fear
 l - a scroll of torment {unknown}
 p - a scroll of teleportation {unknown}
 q - a scroll of fog {unknown}
 r - 2 scrolls of blinking {unknown}
Potions
 d - 3 potions of cancellation
 o - a potion of haste
 u - 2 potions of curing {unknown}


   Skills:
 + Level 5.7 Fighting
 + Level 8.1 Polearms
 + Level 1.3 Throwing
 + Level 4.9 Armour
 + Level 2.3 Dodging
 + Level 1.0 Stealth
 + Level 4.0 Shields


You had 7 spell levels left.
You didn't know any spells.
Your spell library contained the following spells:

 Spells                   Type           Power      Damage    Failure   Level
 Scorch                   Fire           0%         2d5       100%        2
 Conjure Flame            Conj/Fire      0%         6-21      100%        3
 Ignite Poison            Fire/Tmut/Pois 0%         N/A       100%        3
 Ozocubu's Armour         Ice            0%         N/A       100%        3
 Flame Wave               Conj/Fire      0%         2d4       100%        4
 Sticky Flame             Conj/Fire      0%         2d3       100%        4
 Summon Cactus Giant      Summ           0%         N/A       100%        6
 Ozocubu's Refrigeration  Ice            0%         4d5       100%        7


Dungeon Overview and Level Annotations

Branches:
Dungeon (6/15)
 Temple: D:4-7

Altars:
Cheibriados
Hepliaklqana
Nemelex Xobeh
Sif Muna
Vehumet
Zin

Shops:
D:1 (   D:3 *


Innate Abilities, Weirdness & Mutations

Your life essence is reduced to manifest your ancestor. (-10% HP)
((You are very nimble when in or above water. (Stealth+, EV+, Speed+++)))
Your lower body shifts to a powerful aquatic tail in water.


Message History

A necrophage comes into view.
A kobold comes into view. It is wielding a +0 club.
The kobold brigand throws a curare-tipped dart.
The curare-tipped dart hits you.
You are poisoned.
You have difficulty breathing.
You feel yourself slow down.
Aiming: Charm
Press: ? - help, Q - select action, (/) - cycle Shift-Dir - straight line, f - kobold brigand
Aim: a kobold brigand, wielding a +0 dagger and quivering curare-tipped darts (chance to affect: 49%)
The kobold brigand resists with some effort.
You feel very sick.
The kobold brigand throws a curare-tipped dart.
The curare-tipped dart closely misses Manelesi.
The curare-tipped dart hits you.
You are more poisoned.
You have difficulty breathing.
You feel as though you will be slow longer.
Aiming: Charm
Press: ? - help, Q - select action, (/) - cycle Shift-Dir - straight line, f/p - kobold brigand
Aim: a kobold brigand, wielding a +0 dagger and quivering curare-tipped darts (ally target, chance to affect: 49%)
The kobold brigand resists with some effort.
You feel very sick.
Manelesi hits the kobold brigand with a +0 flail.
The kobold brigand throws a curare-tipped dart.
The curare-tipped dart barely misses Manelesi.
The curare-tipped dart hits you.
You are more poisoned.
You have difficulty breathing.
You feel as though you will be slow longer.
* * * LOW HITPOINT WARNING * * *
You feel extremely sick.
Manelesi barely misses the kobold brigand.
The kobold brigand throws a curare-tipped dart.
The curare-tipped dart hits you.
You are more poisoned.
You have difficulty breathing.
* * * LOW HITPOINT WARNING * * *
You feel as though you will be slow longer.
Manelesi barely misses the kobold brigand.
You die...

#### #......# ...
#.####.#
#####.#.####.# #.#
##.#.. #...##.####.#
#....#####..........
##.#...#...##...##.#
#..R...#.###.....#.#
#..##....# ##...##.#
#..@#.#### #......#
#.#.#.# ##.#####
#.....# #.#
#..KKR....# #+#
#.#####n#.# #.#.#
#...# ....# ...


You could see the friendly Manelesi the knight and a necrophage.

Vanquished Creatures
  2 hounds
  Natasha (D:3)
  An orc wizard (D:4)
  2 hound skeletons (D:5)
  3 adders
  A river rat (D:4)
  2 worms (D:2)
  2 dart slugs
  4 orcs
  4 bats
  7 endoplasms
  A giant cockroach (D:2)
  6 goblins
  3 hobgoblins
  3 jackals
  4 kobolds
  2 quokkas
  9 ball pythons
  6 frilled lizards
  6 rats
69 creatures vanquished.

Vanquished Creatures (collateral kills)
  A black bear (D:5)
  A water moccasin (D:5)
  2 ogres
  A phantom (D:4)
  2 scorpions
  A centaur zombie (D:5)
  2 hounds (D:5)
  An iguana (D:4)
  Natasha (D:3)
  An orc wizard (D:5)
  A gnoll (D:3)
  An adder (D:3)
  A white imp (D:4)
  An ufetubus (D:4)
  A dart slug (D:3)
  12 orcs
  5 endoplasms
  3 giant cockroaches
  3 goblins
  A hobgoblin (D:1)
  2 jackals
  3 ball pythons
  2 bats
  4 kobolds
  2 rats (D:4)
55 creatures vanquished.

Vanquished Creatures (others)
  An ancestor (D:1)
1 creature vanquished.

Grand Total: 125 creatures vanquished

Notes
Turn   | Place    | Note
-------+----------+-------------------------------------------
     0 | D:1      | cyrus the Merfolk Fighter began the quest for the Orb.
     0 | D:1      | Reached XP level 1. HP: 18/18 MP: 1/1
   165 | D:1      | Reached XP level 2. HP: 6/24 MP: 2/2
   519 | D:1      | Found a faded altar of an unknown god.
   582 | D:1      | Prayed at the altar of an unknown god.
   582 | D:1      | Became a worshipper of Hepliaklqana the Forgotten
   582 | D:1      | Reached * piety under Hepliaklqana
   625 | D:1      | Found Patus's Antique Weapon Shoppe.
  1050 | D:1      | Reached XP level 3. HP: 26/26 MP: 3/3
  1319 | D:2      | Reached skill level 1 in Dodging
  2075 | D:2      | Reached XP level 4. HP: 33/33 MP: 4/4
  2152 | D:2      | Reached skill level 4 in Polearms
  2737 | D:3      | Found Haysuo's General Store.
  2749 | D:3      | Bought a potion of heal wounds for 55 gold pieces
  2749 | D:3      | Bought 5 boomerangs for 27 gold pieces
  3008 | D:3      | Reached ** piety under Hepliaklqana
  3009 | D:3      | Remembered your ancestor Manelesi as a knight
  3020 | D:3      | Noticed Natasha
  3026 | D:3      | Killed Natasha
  3130 | D:3      | Reached XP level 5. HP: 37/37 MP: 5/5
  3132 | D:3      | Found a snail-covered altar of Cheibriados.
  3249 | D:3      | Noticed Natasha
  3252 | D:3      | Killed Natasha
  3253 | D:3      | Reached skill level 1 in Throwing
  3577 | D:3      | Reached skill level 5 in Polearms
  3815 | D:4      | Noticed a phantom
  3826 | D:4      | Killed a phantom
  3827 | D:4      | Reached XP level 6. HP: 35/43 MP: 6/6
  3981 | D:4      | Found a glowing silver altar of Zin.
  3983 | D:4      | Found a shimmering blue altar of Sif Muna.
  4261 | D:4      | Reached skill level 6 in Polearms
  4261 | D:4      | Reached XP level 7. HP: 33/49 MP: 7/7
  4896 | D:5      | Entered Level 5 of the Dungeon
  4905 | D:5      | Reached skill level 5 in Fighting
  5007 | D:5      | Reached skill level 7 in Polearms
  5007 | D:5      | Reached skill level 1 in Stealth
  5115 | D:5      | Found a radiant altar of Vehumet.
  5157 | D:5      | Reached XP level 8. HP: 50/55 MP: 8/8
  5334 | D:5      | Reached skill level 8 in Polearms
  5516 | D:5      | Found a sparkling altar of Nemelex Xobeh.
  5684 | D:6      | Succumbed to a kobold brigand's curare-tipped dart

Illustrated notes

Levels and vault maps discovered:
D:1:      evilmike_arrival_crescent, layout_loops_ring, serial_shops,
          nicolae_shop_hallway_plus, serial_glass, glass_columns_b,
          glass_columns_b, glass_columns_b, glass_columns_a, glass_columns_b,
          glass_columns_b, glass_columns_b, glass_columns_c,
          minmay_strange_pillars, feat_on_display, minmay_strange_pillars,
          item_on_display_b, ebering_ecumenical_altar_rust,
          kennysheep_pointless_box, minmay_split_cup_small
D:2:      minmay_spotlight, layout_basic, minivault_11, grunt_decor_resistance
D:3:      minmay_octagon_keep, layout_basic,
          mainiacjoe_overflow_surrounded_room, serial_shops,
          nicolae_shop_waterfront, chequers_avenue,
          chequers_serial_rivers_micro_c, eino_tiny_chamber, uniq_natasha
D:4:      layout_cave_pools, jmf_multi_god_temple, portal_sewer_entry_e,
          kennysheep_path_1
D:5:      layout_rooms, mainiacjoe_overflow_24_doors,
          nicolae_vehumet_altar_sigil
D:6:      layout_loops_corners, gammafunk_temple_overflow_pools,
          minmay_temple_entry_gardened_gates, uniq_sigmund, uniq_menkaure

Skill      XL: |  1  2  3  4  5  6  7  8 |
---------------+-------------------------+-----
Dodging        | 1 2 |  2.3
Polearms       | 4 5 6 7 8 |  8.1
Throwing       | 1 |  1.3
Fighting       | 4 5 |  5.7
Armour         | 3 4 |  4.9
Stealth        | 1 |  1.0
Shields        | 4 |  4.0

Action                   |  1- 3 |  4- 6 |  7- 9 || total
-------------------------+-------+-------+-------++-------
Melee: Trident           |   105 |    94 |    74 ||   273
       Staff             |     5 |       |       ||     5
Throw: Boomerang         |       |     4 |       ||     4
Invok: Ancestor Identity |     3 |       |       ||     3
       Ancestor Life: Kn |       |     1 |       ||     1
Evoke: Wand              |       |       |     2 ||     2
  Use: Potion            |     1 |     2 |     3 ||     6
       Scroll            |       |       |     6 ||     6
 Stab: Distracted        |     1 |       |       ||     1
Armor: Scale mail        |    47 |    20 |       ||    67
       Plate armour      |       |    39 |    65 ||   104
Dodge: Dodged            |    55 |    42 |    16 ||   113
Block: Buckler           |    36 |    23 |    24 ||    83

Table legend: (Time is in decaauts)
 A = Elapsed time spent in this place.
 B = Non-inter-level travel time spent in this place.
 C = Inter-level travel time spent in this place.
 D = Time resting spent in this place.
 E = Time spent auto-exploring this place.
 F = Levels seen in this place.
 G = Mean time per level.
                   A        B        C        D        E       F      G
               +--------+--------+--------+--------+--------+-----+--------+
         Total |   5706 |   5657 |     49 |    909 |   3368 |   6 |  951.0 |
       Dungeon |   5706 |   5657 |     49 |    909 |   3368 |   6 |  951.0 |
               +--------+--------+--------+--------+--------+-----+--------+

Top non-repeatable levels by time:
     D:2: 1512 daAuts
     D:1: 1217 daAuts
     D:3: 1102 daAuts
     D:4: 1087 daAuts
     D:5: 744 daAuts
     D:6: 43 daAuts
